 Dungeon Crawl Stone Soup version 0.23.2 (webtiles) character file.

Game seed: 4027996250389341782

1248 Gingko the Blocker (level 8, -12/46 HPs)
             Began as a Gargoyle Fighter on Apr 4, 2019.
             Killed by divine providence
             ... invoked by an orc priest
              (13 damage)
             ... on level 6 of the Dungeon.
             The game lasted 00:24:05 (5845 turns).

Gingko the Blocker (Gargoyle Fighter)               Turns: 5845, Time: 00:24:06

Health: -12/46     AC: 20    Str: 21    XL:     8   Next: 50%
Magic:  0/8        EV:  5    Int: 10    God:
Gold:   254        SH: 11    Dex:  9    Spells: 7/7 levels left

rFire    + . .     SeeInvis .   a - +0 flail
rCold    + . .     Gourm    .   c - +0 shield
rNeg     + . .     Faith    .   v - +0 plate armour
rPois    ∞         Spirit   +   k - +0 helmet
rElec    +         Reflect  .   n - scarf {rC+ rF+}
rCorr    .         Harm     .   (no gloves)
MR       .....                  j - +0 pair of boots
Stlth    ..........             m - amulet of guardian spirit
HPRegen  0.15/turn              q - ring of attention (curse)
MPRegen  0.11/turn              (no ring)

@: no status effects
A: negative energy resistance 1, electricity resistance, unbreathing,
petrification resistance, rot immunity, AC +5
a: no special abilities


You were on level 6 of the Dungeon.
You were hungry.

You visited 1 branch of the dungeon, and saw 6 of its levels.

You collected 254 gold pieces.

Inventory:

Hand Weapons
 a - a +0 flail (weapon)
Missiles
 l - 141 arrows
 r - 24 poisoned needles
 D - 3 tomahawks of returning (quivered)
 G - 7 tomahawks
Armour
 b - a +0 scale mail
 c - a +0 shield (worn)
 h - a +0 cloak
 j - a +0 pair of boots (worn)
 k - a +0 helmet (worn)
 n - a scarf of resistance (worn)
 v - a +0 plate armour (worn)
Jewellery
 m - an amulet of guardian spirit (around neck)
 q - a cursed ring of attention (left hand)
Wands
 C - a wand of iceblast (11)
Scrolls
 d - 2 scrolls of random uselessness {unknown}
 e - a scroll of fog {unknown}
 g - 3 scrolls of identify {unknown}
 o - 2 scrolls of immolation {unknown}
 p - a scroll of blinking {unknown}
 t - 3 scrolls of fear {unknown}
 w - a scroll of teleportation {unknown}
 x - 4 scrolls of remove curse {unknown}
 y - a scroll of amnesia {unknown}
 B - 3 scrolls of enchant weapon {unknown}
 H - a scroll of enchant armour {unknown}
Potions
 i - a potion of curing {unknown}
 s - 3 potions of heal wounds {unknown}
 u - 2 potions of lignification {unknown}
 z - a potion of flight {unknown}
 A - a potion of ambrosia {unknown}
 F - a potion of might
Comestibles
 f - 13 rations


   Skills:
 - Level 3.2 Fighting
 - Level 6.0 Maces & Flails
 + Level 5.0 Armour
 - Level 1.2 Dodging
 - Level 0.2 Stealth
 + Level 8.5 Shields


You had 7 spell levels left.
You didn't know any spells.
Your spell library contained the following spells:

 Spells                   Type           Power        Failure   Level  Hunger
 Animate Skeleton         Necr           N/A          100%        1    ##.....
 Apportation              Tloc           #.....       100%        1    ##.....
 Confusing Touch          Hex            #.....       100%        1    ##.....
 Summon Small Mammal      Summ           #...         100%        1    ##.....


Dungeon Overview and Level Annotations

Branches:
Dungeon (6/15)
 Temple: D:4-7

Altars:
Ashenzari
Trog
Uskayaw

Shops:
D:4 [   D:5 *


Innate Abilities, Weirdness & Mutations

You are resistant to torment.
Your stone body is resilient. (AC +5)
You are immune to poison.
You resist negative energy. (rN+)
You are resistant to electric shocks. (rElec)
You can survive without breathing.
You are immune to petrification.
You are immune to rotting.


Message History

The orc warrior hits you but does no damage.
Your plate armour prevents you from hitting the orc warrior.
The orc warrior is almost dead.
You block the orc warrior's attack.
You hit the orc warrior.
You kill the orc warrior!
Your Armour skill increases to level 5!
The orc wizard casts a spell.
The orc wizard blinks!
The orc priest invokes the aid of Beogh against you.
Beogh smites you!
* * * LOW HITPOINT WARNING * * *
The orc wizard casts a spell.
The orc wizard blinks!
Your plate armour prevents you from hitting the orc priest.
You block the orc priest's attack.
You closely miss the orc priest.
The orc priest calls down the wrath of Beogh upon you.
Beogh smites you!
You die...

### #######..#
###..## #.....#
#.###.#####.#.
#. #.........
#.###.#####...
#.....#
###..######..#.
#..@oo.......
######.......
...#§#. ⌠....
.#.#.# o#.. ..
.# #. # o# .#


You could see an orc priest and an orc.

Vanquished Creatures
  2 orc warriors (D:6)
  A phantom (D:4)
  2 ice beasts
  A centaur (D:5)
  A bullfrog (D:6)
  A scorpion (D:4)
  A water moccasin skeleton (D:4)
  A howler monkey (D:5)
  A centaur zombie (D:5)
  2 hounds
  A jelly (D:5)
  A bullfrog skeleton (D:4)
  An orc priest (D:6)
  An iguana (D:5)
  2 orc wizards (D:6)
  A worker ant (D:4)
  Robin (D:2)
  A howler monkey zombie (D:5)
  A worker ant zombie (D:6)
  5 gnolls
  An adder (D:2)
  A shadow imp (D:5)
  An ooze (D:3)
  An adder skeleton (D:6)
  2 worms
  A dart slug (D:2)
  6 leopard geckos
  13 orcs
  2 giant cockroaches
  14 goblins
  11 hobgoblins
  5 jackals
  A quokka (D:3)
  A ball python (D:4)
  10 bats
  7 frilled lizards
  7 kobolds
  A quokka skeleton (D:5)
  5 rats
118 creatures vanquished.

Vanquished Creatures (others)
  An orc wizard (D:6)
1 creature vanquished.

Grand Total: 119 creatures vanquished

Notes
Turn   | Place    | Note
-------+----------+-------------------------------------------
     0 | D:1      | Gingko the Gargoyle Fighter began the quest for the Orb.
     0 | D:1      | Reached XP level 1. HP: 14/14 MP: 1/1
   164 | D:1      | Reached XP level 2. HP: 19/19 MP: 2/2
   226 | D:1      | Reached XP level 3. HP: 2/23 MP: 3/3
  1160 | D:2      | Reached skill level 1 in Dodging
  1284 | D:2      | Noticed Robin
  1305 | D:2      | Killed Robin
  1305 | D:2      | Reached XP level 4. HP: 23/28 MP: 4/4
  1561 | D:2      | Found a shattered altar of Ashenzari.
  2388 | D:3      | Reached XP level 5. HP: 32/32 MP: 5/5
  2879 | D:4      | Reached skill level 5 in Maces & Flails
  2879 | D:4      | Reached skill level 4 in Shields
  3082 | D:4      | Reached XP level 6. HP: 33/37 MP: 6/6
  3227 | D:4      | Found Plog's Antique Armour Shop.
  3573 | D:4      | Noticed a phantom
  3620 | D:4      | Killed a phantom
  3906 | D:5      | Entered Level 5 of the Dungeon
  3913 | D:5      | Reached skill level 5 in Shields
  3975 | D:5      | Reached XP level 7. HP: 41/41 MP: 7/7
  4490 | D:5      | Reached skill level 6 in Shields
  4778 | D:5      | Found a bloodstained altar of Trog.
  4783 | D:5      | Found Morucoe's Mayhem Merchandise.
  5251 | D:6      | Found a hide-covered altar of Uskayaw.
  5267 | D:6      | Reached skill level 7 in Shields
  5322 | D:6      | Reached XP level 8. HP: 36/46 MP: 6/8
  5677 | D:6      | Reached skill level 8 in Shields
  5843 | D:6      | Reached skill level 5 in Armour
  5843 | D:6      | HP: 1/46 [orc priest/divine providence (9)]
  5845 | D:6      | Killed from afar by an orc priest

Skill      XL: |  1  2  3  4  5  6  7  8 |
---------------+-------------------------+-----
Maces & Flails | 3 4 5 6 |  6.0
Dodging        | 1 |  1.2
Shields        | 4 5 7 8 |  8.5
Armour         | 4 5 |  5.0
Fighting       | |  3.2
Stealth        | |  0.2

Action                   |  1- 3 |  4- 6 |  7- 9 || total
-------------------------+-------+-------+-------++-------
Melee: Flail             |   150 |   183 |   335 ||   668
  Use: Potion            |     1 |       |       ||     1
  Eat: Chunk             |     1 |     7 |     5 ||    13
       Ration            |       |     1 |       ||     1
Armor: Scale mail        |   105 |    79 |       ||   184
       Plate armour      |       |    66 |   198 ||   264
Dodge: Dodged            |    50 |    54 |    43 ||   147
Block: Shield            |    89 |   124 |   143 ||   356
